AoeStats
← CFn-Ez

Black Forest

507934987Analyzed
4v4 RM · 12d ago on Sep 20, 2026· 48m 40s· 8 players
Game mode
Random Map
Map size
Large (8 player)
Population
200
Speed
Normal
Resources
Standard
Victory
Conquest
Starting age
Dark Age
Ending age
Imperial Age
RankedLock teamsTeams togetherTeam positionsShared explorationLock speedFull tech treeHidden civsTurbo modeCheats
Victory
Defeat
🇨🇳 Mongols · China
1499
+12
🇭🇰 Bohemians · Hong Kong SAR China
1487
+12
🇭🇰 Bengalis · Hong Kong SAR China
1445
+14
🇨🇳 Turks · China
1380
+17
🇵🇹 Persians · Portugal
1431
-15
🇻🇳 Hindustanis · Vietnam
1429
-15
🇨🇳 Bohemians · China
1377
-13
🇨🇳 Magyars · China
1370
-12
Valodimer
3:00 Loom
10:28 Feudal Age
13:02 Wheelbarrow
14:37 Double-Bit Axe
15:13 Stone Mining
18:17 Castle Age
16:20 Gold Mining
19:16 Fletching
24:42 Bow Saw
24:14 Horse Collar
26:58 Heavy Plow
31:10 Imperial Age
30:06 Grand Trunk Road
32:02 Hand Cart
32:59 Chemistry
32:25 Padded Archer Armor
32:32 Shatagni
33:02 Shatagni
33:55 Conscription
33:52 Leather Archer Armor
35:40 Ring Archer Armor
34:59 Town Watch
36:17 Two-Man Saw
36:06 Town Patrol
37:48 Bodkin Arrow
40:36 Siege Engineers
40:52 Ballistics
43:43 Masonry
44:18 Caravan
FlameTheOne
11:18 Feudal Age
15:04 Castle Age
14:43 Double-Bit Axe
17:35 Bow Saw
17:12 Horse Collar
19:35 Loom
22:03 Fishing Lines
23:18 Gillnets
23:30 Heavy Plow
24:25 Scale Barding Armor
26:44 Wheelbarrow
29:56 Imperial Age
27:40 Forging
28:54 Hand Cart
29:50 Chain Barding Armor
30:06 Iron Casting
29:50 Bloodlines
29:28 Town Watch
31:13 Chemistry
29:36 Cavalier
30:17 Husbandry
29:39 Heavy Camel Rider
31:26 Caravan
32:07 Plate Barding Armor
33:09 Two-Man Saw
32:00 Gold Mining
32:02 Stone Mining
33:32 Blast Furnace
32:22 Fletching
33:35 Ballistics
33:26 Masonry
32:51 Savar
35:17 Gold Shaft Mining
36:59 Bodkin Arrow
38:43 Light Cavalry
39:37 Capped Ram
40:46 Hussar
44:11 Siege Ram
48:33 Conscription
48:32 Citadels
客官
0:59 Loom
17:20 Feudal Age
18:39 Wheelbarrow
18:58 Town Watch
21:39 Castle Age
20:22 Double-Bit Axe
20:18 Horse Collar
24:31 Sanctity
24:33 Gold Mining
25:19 Fervor
28:14 Sanctity
32:59 Bow Saw
39:07 Imperial Age
37:19 Gold Shaft Mining
36:51 Husbandry
37:04 Fletching
37:42 Ballistics
37:51 Bodkin Arrow
37:56 Padded Archer Armor
38:47 Bloodlines
39:07 Thumb Ring
40:25 Leather Archer Armor
41:21 Chemistry
40:48 Parthian Tactics
41:48 Bracer
42:55 Hand Cart
43:36 Ring Archer Armor
43:46 Heavy Cavalry Archer
47:52 Scale Barding Armor
很蓝的啦
7:35 Loom
12:35 Feudal Age
13:17 Double-Bit Axe
17:57 Castle Age
16:08 Horse Collar
16:24 Fishing Lines
19:07 Bow Saw
20:11 Gillnets
21:37 Fervor
21:58 Heavy Plow
24:57 Wheelbarrow
24:07 Town Watch
28:51 Imperial Age
26:38 Hand Cart
27:07 Town Patrol
27:16 Caravan
27:46 Coinage
27:12 Treadmill Crane
27:53 Ballistics
29:13 Chemistry
28:17 Scale Mail Armor
28:27 Forging
29:09 Masonry
29:19 Chain Mail Armor
29:10 Pikeman
31:06 Two-Man Saw
30:47 Halberdier
31:27 Squires
31:13 Arson
32:14 Coinage
31:54 Guilds
32:58 Plate Mail Armor
33:03 Iron Casting
33:19 Siege Engineers
33:53 Elite Hussite Wagon
34:53 Conscription
35:37 Bombard Tower
35:28 Masonry
35:43 Hussite Reforms
38:19 Houfnice
43:54 Banking
菜菜5号
10:55 Feudal Age
12:02 Double-Bit Axe
14:45 Castle Age
13:25 Fishing Lines
15:50 Bow Saw
15:41 Horse Collar
17:47 Wheelbarrow
18:22 Heavy Plow
21:58 Gold Mining
22:24 Loom
22:28 Town Watch
24:15 Stone Mining
28:42 Imperial Age
26:05 Fletching
27:19 Gold Shaft Mining
27:38 Stone Shaft Mining
28:41 Hand Cart
28:36 Bodkin Arrow
28:48 Padded Archer Armor
29:48 Conscription
30:32 Chemistry
29:48 Bloodlines
29:38 Husbandry
29:45 Onager
29:47 Light Cavalry
30:36 Bracer
30:53 Leather Archer Armor
31:05 Thumb Ring
31:26 Parthian Tactics
31:53 Ballistics
31:44 Siege Engineers
31:54 Elite Mangudai
33:23 Caravan
34:32 Scale Barding Armor
34:38 Forging
33:53 Capped Ram
39:55 Drill
40:59 Hoardings
40:26 Nomads
41:03 Chain Barding Armor
41:40 Masonry
43:08 Iron Casting
42:01 Hussar
43:51 Elite Skirmisher
46:31 Blast Furnace
CFn-Ez
3:34 Loom
12:17 Feudal Age
13:06 Double-Bit Axe
20:49 Castle Age
20:16 Stone Mining
21:46 Bow Saw
23:18 Fishing Lines
23:23 Horse Collar
26:11 Wheelbarrow
25:53 Gold Mining
26:40 Heavy Plow
31:41 Imperial Age
30:27 Hand Cart
31:17 Padded Archer Armor
31:42 Ballistics
31:46 Fletching
32:18 Leather Archer Armor
33:48 Bombard Tower
33:30 Elite Janissary
34:31 Conscription
35:37 Ring Archer Armor
35:03 Bodkin Arrow
39:15 Artillery
40:14 Scale Barding Armor
40:11 Bracer
44:42 Bloodlines
44:33 Husbandry
46:13 Forging
48:16 Caravan
dennis2_02
4:48 Loom
12:21 Feudal Age
16:44 Castle Age
14:38 Fishing Lines
14:52 Double-Bit Axe
18:12 Bow Saw
18:38 Gillnets
22:06 Horse Collar
25:43 Wheelbarrow
25:18 Heavy Plow
30:17 Imperial Age
28:26 Hand Cart
29:51 Chemistry
29:23 Padded Archer Armor
29:38 Forging
29:28 Scale Mail Armor
29:40 Wagenburg Tactics
29:53 Hand Cart
30:13 Pikeman
30:53 Squires
30:57 Halberdier
32:54 Two-Man Saw
31:53 Houfnice
34:56 Iron Casting
34:36 Chain Mail Armor
34:48 Conscription
38:27 Plate Mail Armor
38:57 Blast Furnace
39:49 Siege Engineers
41:49 Leather Archer Armor
KITCHIUYEAH
0:40 Loom
16:50 Feudal Age
19:06 Double-Bit Axe
21:26 Castle Age
22:19 Bow Saw
22:19 Horse Collar
24:34 Fishing Lines
30:49 Wheelbarrow
35:57 Imperial Age
33:46 Fletching
34:35 Bodkin Arrow
34:37 Gold Mining
34:37 Stone Mining
35:45 Padded Archer Armor
35:55 Paiks
36:39 Bracer
37:41 Chemistry
37:55 Ballistics
37:50 Leather Archer Armor
38:17 Bloodlines
38:07 Husbandry
38:14 Elite Elephant Archer
40:15 Ring Archer Armor
39:58 Siege Engineers
40:15 Hand Cart
39:45 Town Watch
40:36 Masonry
41:24 Caravan
41:12 Town Watch
42:29 Two-Man Saw
43:17 Gold Shaft Mining
43:24 Architecture
43:15 Treadmill Crane
44:06 Scale Barding Armor
44:34 Conscription
45:45 Mahayana
46:01 Coinage
46:47 Chain Barding Armor
46:38 Forging
47:04 Banking
47:25 Guilds
47:50 Heavy Plow
Connection lost

Rejoining the realm…

Still unreachable

The connection could not be restored.

Session expired

The server has moved on; the page needs a fresh start.